 Dungeon Crawl Stone Soup version 0.29-a0-845-g6161e89988 (webtiles) character file.

Game seed: 7522546308289419705

103143 jfcaron the Nimble (level 16, -9/167 HPs)
             Began as a Gnoll Monk on July 15, 2022.
             Was the Champion of Fedhas.
             Mangled by a bunyip (23 damage)
             ... called by a spriggan druid
             ... on level 3 of the Lair of Beasts.
             The game lasted 01:42:49 (32442 turns).

jfcaron the Nimble (Gnoll Monk)                    Turns: 32442, Time: 01:42:50

Health: -9/167     AC: 35    Str: 16    XL:     16   Next: 35%
Magic:  15/41      EV: 18    Int: 26    God:    Fedhas [******]
Gold:   1478       SH: 12    Dex: 15    Spells: 0/37 levels left

rFire   . . .      SeeInvis +     - Unarmed
rCold   . . .      Faith    .   y - +0 buckler of Nulu {rPois Int+9}
rNeg    + . .      Spirit   .   (body armour currently unavailable)
rPois   ∞          Reflect  +   h - +3 hat of Pondering {ponderous, Will+ MP+10 Int+5}
rElec   +          Harm     .   x - +2 cloak {Will+}
rCorr   .          Rampage  .   (gloves currently unavailable)
Will    +++..                   (boots currently unavailable)
Stlth   +++++.....              V - amulet of Faf Juv {Reflect SH+5 SInv}
HPRegen 0.37/turn               Z - ring of wizardry
MPRegen 0.27/turn               J - +4 ring of slaying

@: statue-form, very slow
A: slow and powerful, torment resistance 1, boosted hp, fangs 1, strong nose,
distributed training
a: End Transformation, Renounce Religion, Wall of Briars, Grow Ballistomycete,
Overgrow, Grow Oklob


You were on level 3 of the Lair of Beasts.
You worshipped Fedhas.
Fedhas was exalted by your worship.
You were a living statue of rough stone.
You visited 4 branches of the dungeon, and saw 24 of its levels.
You also visited: Sewer.

You collected 3142 gold pieces.
You spent 1664 gold pieces at shops.

Inventory:

Hand Weapons
 z - the +11 mace of Daipets {drain, *Corrode rC+++ Will- Int+2}
   (You took it off a kobold on level 3 of the Dungeon)

   A truly terrible weapon, it drains the life of any living foe it strikes.
   Int:       It affects your intelligence (+2).
   rC:        It renders you almost immune to cold.
   *Corrode:  It may corrode you when you take damage.
   Will:      It decreases your willpower.
Missiles
 m - 3 boomerangs of dispersal {!f}
 n - 10 poisoned darts (quivered)
 Q - 11 curare-tipped darts {!f}
 S - 3 datura-tipped darts
Armour
 f - a +0 pair of boots (melded)
 h - the +3 hat of Pondering (worn) {ponderous, Will+ MP+10 Int+5}
   (You took it off Gastronok on level 1 of the Lair of Beasts)

   Int:       It affects your intelligence (+5).
   MP:        It affects your magic capacity (+10).
   Will:      It increases your willpower.
 x - a +2 cloak of willpower (worn)
 y - the +0 buckler of Nulu (worn) {rPois Int+9}
   (You found it on level 3 of the Dungeon)

   Int:       It affects your intelligence (+9).
   rPois:     It protects you from poison.
 K - a +0 robe of the Archmagi (melded)
 R - a +1 pair of gloves (melded)
Jewellery
 g - a ring of protection from fire
 i - a +4 ring of protection
 J - a +4 ring of slaying (right fist)
 V - the amulet of Faf Juv (around neck) {Reflect SH+5 SInv}
   (You acquired it on level 6 of the Lair of Beasts)

   [amulet of reflection]

   It reflects blocked missile attacks.
   SInv:      It lets you see invisible.
   SH:        It affects your SH (+5).
 Z - a ring of wizardry (left fist)
Wands
 b - a wand of roots (19)
 l - a wand of mindburst (10)
 w - a wand of flame (34)
 B - a wand of paralysis (31)
 L - a wand of light (3)
Scrolls
 a - 3 scrolls of silence
 k - 17 scrolls of teleportation
 o - 5 scrolls of magic mapping
 r - 5 scrolls of noise
 s - 4 scrolls of vulnerability
 t - 5 scrolls of immolation
 v - 3 scrolls of poison
 A - a scroll of identify
 C - 5 scrolls of summoning
 D - 2 scrolls of fog
 F - a scroll of torment
 G - 8 scrolls of fear
 W - 4 scrolls of blinking
Potions
 c - 3 potions of ambrosia
 e - 5 potions of haste
 j - 2 potions of lignification
 p - 13 potions of curing
 q - 4 potions of brilliance
 u - a potion of resistance
 E - a potion of berserk rage
 M - a potion of attraction
 N - a potion of heal wounds
 T - 3 potions of flight
 U - a potion of invisibility
 Y - 5 potions of might
Miscellaneous
 H - a box of beasts
 X - a phantom mirror


   Skills:
 + Level 12.9 Fighting
 + Level 11.2 Short Blades
 + Level 11.2 Long Blades
 + Level 11.2 Axes
 + Level 11.2 Maces & Flails
 + Level 12.9 Polearms
 + Level 11.2 Staves
 + Level 11.2 Ranged Weapons
 + Level 11.2 Throwing
 + Level 11.2 Armour
 + Level 12.9 Dodging
 + Level 11.9 Stealth
 + Level 11.2 Shields
 + Level 11.2 Unarmed Combat
 + Level 11.2 Spellcasting
 + Level 9.4 Conjurations
 + Level 9.4 Hexes
 + Level 9.4 Summonings
 + Level 9.4 Necromancy
 + Level 9.4 Translocations
 + Level 9.4 Transmutations
 + Level 9.4 Fire Magic
 + Level 9.4 Ice Magic
 + Level 9.4 Air Magic
 + Level 9.4 Earth Magic
 + Level 9.4 Poison Magic
 + Level 12.2 Invocations
 + Level 11.2 Evocations


You couldn't memorise any spells.
You knew the following spells:

 Your Spells              Type           Power      Damage    Failure   Level
a - Statue Form           Tmut/Erth      39%        N/A       6%          6
b - Manifold Assault      Tloc           59%        N/A       1%          5
c - Borgnjor's Vile Clut  Necr/Erth      29%        N/A       1%          5
d - Summon Forest         Summ/Tloc      29%        N/A       1%          5
e - Iron Shot             Conj/Erth      29%        9d6       6%          6
f - Hailstorm             Conj/Ice       59%        3d13      1%          4
g - Summon Lightning Spi  Summ/Air       59%        N/A       1%          4
h - Blink                 Tloc           100%       N/A       1%          2

Your spell library contained the following spells:

 Spells                   Type           Power      Damage    Failure   Level
 Magic Dart               Conj           100%       1d8       1%          1
 Sandblast                Erth           100%       2d20      1%          1
 Summon Small Mammal      Summ           100%       N/A       1%          1
 Call Imp                 Summ           59%        N/A       1%          2
 Ensorcelled Hibernation  Hex/Ice        100%       N/A       1%          2
 Passwall                 Tmut/Erth      49%        N/A       1%          2
 Dazzling Flash           Conj/Hex       100%       N/A       1%          3
 Mephitic Cloud           Conj/Pois/Air  59%        N/A       1%          3
 Stone Arrow              Conj/Erth      100%       3d13      1%          3
 Summon Guardian Golem    Hex/Summ       59%        N/A       1%          3
 Swiftness                Air            59%        N/A       1%          3
 Airstrike                Air            29%        0-10+     1%          4
 Ice Form                 Ice/Tmut       59%        N/A       1%          4
 Petrify                  Tmut/Erth      59%        N/A       1%          4
 Agony                    Necr           59%        N/A       1%          5
 Alistair's Intoxication  Tmut/Pois      39%        N/A       1%          5
 Iskenderun's Battlesphe  Conj           59%        2d11      1%          5
 Lightning Bolt           Conj/Air       29%        1d46      1%          5
 Metabolic Englaciation   Hex/Ice        29%        N/A       1%          5
 Silence                  Hex/Air        29%        N/A       1%          5
 Eringya's Noxious Bog    Tmut/Pois      29%        N/A       6%          6
 Simulacrum               Ice/Necr       29%        N/A       6%          6
 Spellforged Servitor     Conj/Summ      29%        N/A       32%         7
 Storm Form               Tmut/Air       29%        N/A       32%         7
 Summon Hydra             Summ           29%        N/A       32%         7
 Dragon's Call            Summ           29%        N/A       100%        9


Dungeon Overview and Level Annotations

Branches:
Dungeon (15/15)            Temple (0/1) D:7            Lair (6/6) D:8
  Swamp (1/4) Lair:3        Snake (0/4) Lair:4        Slime (0/5) Lair:5
    Orc (2/2) D:12            Elf (0/3) Orc:2        Vaults (0/5) D:13
 Depths (0/4) D:15          Sewer (visited)

Altars:
Cheibriados
Dithmenos
Fedhas
Gozag
Hepliaklqana
Okawaru
Qazlal
Ru
Sif Muna
Zin

Shops:
D:1 (   D:4 ?   D:5 [   D:10 *   D:11 =   D:15 :   Orc:2 [(*:

Portals:
Abyss: D:10
Trove: D:13 (give 19 potions of curing)

Annotations:
D:10 2 transporters, jfcaron's ghost, novice GnMo
D:14 tower shield of protection
D:15 helmet of intelligence
Lair:5 1 runed translucent door


Innate Abilities, Weirdness & Mutations

You are a living statue of rough stone.
Your actions are slow, but your melee attacks are powerful.
You are resistant to unholy torment.
Your maximum health is greatly increased.
You are immune to poison.
Your equipment is partially melded.
You have very sharp teeth.
Your uncanny sense of smell can sniff out nearby items.
Your experience applies equally to all skills.


Message History

You punch the spriggan druid!
The spriggan druid is almost dead.
With its final breath, the spriggan druid offers up its power to the beasts of the wild!
The bunyip is healed.
The bunyip seems to grow more fierce.
You kill the spriggan druid!
Fedhas appreciates your contribution to the ecosystem.
You hear a splash. x2
You punch the bunyip!
The bunyip is moderately wounded.
You block the bunyip's attack. x2
The bunyip claws you but does no damage.
You hit the bunyip but do no damage. You bite the bunyip, but do no damage.
The bunyip is moderately wounded.
You punch the bunyip! You bite the bunyip, but do no damage.
The bunyip is moderately wounded.
You are no longer corroded.
The bunyip claws you!!
* * * LOW HITPOINT WARNING * * *
The bunyip closely misses you. The bunyip claws you.
* * * LOW HITPOINT WARNING * * *
Okay, then.
Unknown command.
Casting: Manifold Assault (mildly dangerous; 1% risk of failure)
Confirm with . or Enter, or press ? or * to list all spells.
You blink.
Aiming: Throw Flame
Press: ? - help, Shift-Dir - straight line, f - bunyip
Aim: a bunyip (thin mist, moderately wounded, strong, 78% to hit)
The puff of flame hits the bunyip.
The bunyip is heavily wounded.
Aiming: Mindburst
Press: ? - help, Shift-Dir - straight line, f/p - bunyip
Aim: a bunyip (heavily wounded, strong, chance to affect: 67%)
The bunyip's mind is blasted!!
Okay, then.
Casting: Blink (safe; 1% risk of failure)
Confirm with . or Enter, or press ? or * to list all spells.
You blink.
The bunyip claws you!!
You die...
Fedhas appreciates your contribution to the ecosystem.

.#.#..........####...............
###...........# #................
##..........# ##...♣♣♣♣♣.......
#P..........# #...♣♣§§≈♣♣.....<
###.....†.#...####..♣≈§§§≈♣......
##.......#####....)).§)§§♣♣..P#.#
........## #..§...♣§§§§≈♣######
........# #..x...♣♣♣§♣♣♣
........# #..8....♣♣♣♣♣######
........# ###...........P##.#.##
###.....# ##....#.#P.............
#....## #.....###........<.....
##....## ##.....###.............
#......# #...).###............^
#P.....# #....###P.............
##....## #.....###.............
#....# #....## #.............


You could see a bunyip (strong).

Vanquished Creatures
  Gastronok (Lair:1)
  Louise (D:14)
  2 orc warlords (Orc:2)
  Azrael (D:12)
  Fannar (Lair:2)
  A catoblepas (Lair:6)
  6 hydras
  Erolcha (D:13)
  2 boulder beetles
  2 vault guards (D:13)
  5 centaur warriors
  An anaconda (Lair:6)
  2 two-headed ogres
  2 death yaks
  The ghost of kevlar127 the Grappler, a novice TrBe of Trog (D:7)
  2 orc high priests
  Nergalle (Lair:1)
  Lodul (D:12)
  11 skeletal warriors
  A flayed ghost (D:15)
  2 spriggan druids
  2 wizards (D:13)
  A necromancer (D:15)
  An orc knight (Orc:2)
  A wolf spider (Lair:6)
  13 ugly things
  2 deep elf pyromancers
  A frost giant zombie (D:15)
  An orc sorcerer (Orc:2)
  A stone giant zombie (D:15)
  An oklob plant (Lair:4)
  7 cyclopes
  A manticore (D:14)
  12 black mambas
  7 elephants
  2 torpor snails (Lair:2)
  A guardian serpent (Lair:6)
  2 gargoyles
  3 rime drakes
  16 cane toads
  An unseen horror (D:12)
  5 kobold demonologists
  8 komodo dragons
  An efreet (D:14)
  11 trolls
  9 polar bears (Lair:6)
  4 tyrant leeches
  5 raiju (Lair:6)
  6 hornets
  4 slime creatures (D:14)
  27 blink frogs
  6 dream sheep (Lair:5)
  13 wyverns
  A vampire (D:14)
  A wraith (D:8)
  2 spriggans
  44 yaks
  A yak (shapeshifter) (D:15)
  An ettin skeleton (D:15)
  6 fire elementals
  21 humans (D:13)
  5 basilisks
  2 steam dragons
  2 redbacks (Lair:6)
  8 wargs
  5 nagas (Lair:4)
  5 swamp worms
  14 hell hounds
  29 orc warriors
  25 water moccasins
  2 sky beasts (D:7)
  An ice beast (D:7)
  A floating eye zombie (D:15)
  21 ogres
  13 black bears
  18 wolves
  10 centaurs
  13 bullfrogs
  4 kobold brigands
  2 gnoll sergeants
  A necrophage (D:6)
  2 scorpions
  6 wights (D:9)
  2 electric eels
  6 howler monkeys
  5 hounds
  Crazy Yiuf (D:2)
  24 orc priests
  A jelly (D:7)
  Jessica (D:2)
  3 iguanas
  7 hell rats (Lair:5)
  31 orc wizards
  16 gnolls
  4 river rats (Sewer)
  9 adders
  A shadow imp (D:5)
  2 white imps
  An ufetubus (D:6)
  9 worms
  5 dart slugs
  100 orcs
  10 endoplasms
  2 giant cockroaches (D:1)
  3 hobgoblins
  A jackal (D:5)
  5 quokkas
  11 ball pythons
  11 bats
  2 frilled lizards
  10 goblins
  18 kobolds
  9 rats
  49 ballistomycete spores
  2 bushes (Lair:6)
  57 fungi
  116 plants
  6 withered plants
1028 creatures vanquished.

Notes
Turn   | Place    | Note
-------+----------+-------------------------------------------
     0 | D:1      | jfcaron the Gnoll Monk began the quest for the Orb.
     0 | D:1      | Reached XP level 1. HP: 23/23 MP: 1/1
    68 | D:1      | Found a faded altar of an unknown god.
   173 | D:1      | Reached XP level 2. HP: 26/29 MP: 2/2
   204 | D:1      | Found Jiuqass's Weapon Boutique.
   780 | D:1      | Reached XP level 3. HP: 35/35 MP: 3/3
  1279 | D:2      | Reached skill level 1 in Invocations
  1374 | D:2      | Noticed Jessica
  1383 | D:2      | Killed Jessica
  1384 | D:2      | Reached skill level 1 in Short Blades
  1384 | D:2      | Reached skill level 1 in Long Blades
  1384 | D:2      | Reached skill level 1 in Axes
  1384 | D:2      | Reached skill level 1 in Maces & Flails
  1384 | D:2      | Reached skill level 1 in Staves
  1384 | D:2      | Reached skill level 1 in Ranged Weapons
  1384 | D:2      | Reached skill level 1 in Throwing
  1384 | D:2      | Reached skill level 1 in Armour
  1384 | D:2      | Reached skill level 1 in Shields
  1384 | D:2      | Reached skill level 1 in Unarmed Combat
  1384 | D:2      | Reached skill level 1 in Spellcasting
  1384 | D:2      | Reached skill level 1 in Evocations
  1384 | D:2      | Reached XP level 4. HP: 21/41 MP: 5/5
  1877 | D:2      | Reached skill level 1 in Conjurations
  1877 | D:2      | Reached skill level 1 in Hexes
  1877 | D:2      | Reached skill level 1 in Summonings
  1877 | D:2      | Reached skill level 1 in Necromancy
  1877 | D:2      | Reached skill level 1 in Translocations
  1877 | D:2      | Reached skill level 1 in Transmutations
  1877 | D:2      | Reached skill level 1 in Fire Magic
  1877 | D:2      | Reached skill level 1 in Ice Magic
  1877 | D:2      | Reached skill level 1 in Air Magic
  1877 | D:2      | Reached skill level 1 in Earth Magic
  1877 | D:2      | Reached skill level 1 in Poison Magic
  1966 | D:2      | Found a hazy altar of Hepliaklqana.
  2119 | D:2      | Found a runed translucent door.
  2120 | D:2      | Noticed Crazy Yiuf
  2133 | D:2      | Killed Crazy Yiuf
  2243 | D:3      | Reached XP level 5. HP: 47/47 MP: 7/7
  2315 | D:3      | Identified the +0 buckler of Nulu {rPois Int+9}
  2373 | D:3      | Identified the +11 mace of Daipets {drain, *Corrode rC+++
                  | Will- Int+2}
  2827 | D:4      | Found Dekh's Magic Scroll Shoppe.
  2835 | D:4      | Bought a scroll of summoning for 95 gold pieces
  3161 | D:4      | Reached XP level 6. HP: 53/53 MP: 8/8
  3671 | D:4      | Bought a scroll of vulnerability for 40 gold pieces
  3671 | D:4      | Bought a scroll of identify for 20 gold pieces
  3679 | D:5      | Entered Level 5 of the Dungeon
  3871 | D:5      | Reached XP level 7. HP: 50/60 MP: 6/10
  4138 | D:5      | Found Kaonegip's Antique Armour Shop.
  4155 | D:5      | Reached skill level 5 in Stealth
  4556 | D:5      | Found an opulent altar of Gozag.
  4744 | D:5      | Found a snail-covered altar of Cheibriados.
  4854 | D:4      | Bought a scroll of identify for 20 gold pieces
  4962 | D:6      | Reached XP level 8. HP: 67/67 MP: 12/12
  5007 | D:6      | Found a glowing drain.
  5018 | Sewer    | Entered a sewer
  5997 | D:6      | Found a blossoming altar of Fedhas.
  5998 | D:6      | Found an iron altar of Okawaru.
  6005 | D:6      | Became a worshipper of Fedhas Madash
  6005 | D:6      | Reached * piety under Fedhas
  6005 | D:6      | Reached ** piety under Fedhas
  6699 | D:7      | Reached XP level 9. HP: 73/73 MP: 14/14
  6738 | D:7      | Found a staircase to the Ecumenical Temple.
  6844 | D:7      | Found a runed translucent door.
  6844 | D:7      | Noticed kevlar127's ghost (novice TrBe)
  7118 | D:8      | Found a staircase to the Lair.
  7126 | D:8      | Reached skill level 5 in Invocations
  7294 | D:8      | Identified the +1 leather armour of Meagarch {Contam Harm
                  | Str+4}
  7313 | D:8      | Noticed a two-headed ogre
  7316 | D:8      | Killed a two-headed ogre
  7317 | D:8      | Reached skill level 5 in Short Blades
  7317 | D:8      | Reached skill level 5 in Long Blades
  7317 | D:8      | Reached skill level 5 in Axes
  7317 | D:8      | Reached skill level 5 in Maces & Flails
  7317 | D:8      | Reached skill level 5 in Staves
  7317 | D:8      | Reached skill level 5 in Ranged Weapons
  7317 | D:8      | Reached skill level 5 in Throwing
  7317 | D:8      | Reached skill level 5 in Armour
  7317 | D:8      | Reached skill level 5 in Shields
  7317 | D:8      | Reached skill level 5 in Unarmed Combat
  7317 | D:8      | Reached skill level 5 in Spellcasting
  7317 | D:8      | Reached skill level 5 in Evocations
  7317 | D:8      | Reached XP level 10. HP: 81/81 MP: 17/17
  7608 | D:8      | Found a hazy altar of Hepliaklqana.
  7608 | D:8      | Found a shadowy altar of Dithmenos.
  7925 | D:9      | Found a shimmering blue altar of Sif Muna.
  8473 | D:9      | Reached *** piety under Fedhas
  8781 | D:9      | You fall into a shaft and drop 3 floors!
  8986 | D:12     | Killed an unseen horror
  9180 | D:11     | Noticed a deep elf pyromancer
  9186 | D:11     | Killed a deep elf pyromancer
  9255 | D:11     | Noticed a cyclops
  9259 | D:11     | Killed a cyclops
  9260 | D:11     | Reached skill level 5 in Conjurations
  9260 | D:11     | Reached skill level 5 in Hexes
  9260 | D:11     | Reached skill level 5 in Summonings
  9260 | D:11     | Reached skill level 5 in Necromancy
  9260 | D:11     | Reached skill level 5 in Translocations
  9260 | D:11     | Reached skill level 5 in Transmutations
  9260 | D:11     | Reached skill level 5 in Fire Magic
  9260 | D:11     | Reached skill level 5 in Ice Magic
  9260 | D:11     | Reached skill level 5 in Air Magic
  9260 | D:11     | Reached skill level 5 in Earth Magic
  9260 | D:11     | Reached skill level 5 in Poison Magic
  9260 | D:11     | Reached XP level 11. HP: 57/89 MP: 12/20
  9507 | D:10     | Entered Level 10 of the Dungeon
  9593 | D:10     | Noticed a worldbinder
  9604 | D:10     | Found a transporter.
  9629 | D:10     | Found Wiucw's Assorted Antiques.
  9638 | D:10     | Bought a sharpened gold wand for 76 gold pieces
  9685 | D:10     | Found a one-way gate to the infinite horrors of the Abyss.
  9685 | D:10     | Noticed jfcaron's ghost (novice GnMo)
  9710 | D:10     | Found a transporter.
  9825 | D:10     | HP: 11/89 [yak (8)]
  9831 | D:10     | HP: 15/89 [yak (3)]
 10349 | D:9      | Reached **** piety under Fedhas
 10918 | D:10     | Noticed a two-headed ogre
 10925 | D:10     | Killed a two-headed ogre
 10951 | D:10     | Found a glowing silver altar of Zin.
 11652 | D:11     | Found Woniorgh's Jewellery Shop.
 11778 | Lair:1   | Entered Level 1 of the Lair of Beasts
 11983 | Lair:1   | Reached XP level 12. HP: 72/97 MP: 20/22
 12222 | Lair:1   | Noticed Gastronok
 12238 | Lair:1   | Killed Gastronok
 12259 | Lair:1   | Reached skill level 10 in Fighting
 12259 | Lair:1   | Reached skill level 10 in Polearms
 12259 | Lair:1   | Reached skill level 10 in Dodging
 12263 | Lair:1   | Noticed a death yak
 12277 | Lair:1   | Killed a death yak
 12326 | Lair:1   | Noticed an eight-headed hydra
 12560 | Lair:1   | Killed an eight-headed hydra
 13010 | Lair:1   | Noticed Nergalle
 13022 | Lair:1   | Killed Nergalle
 13465 | Lair:2   | Noticed a four-headed hydra
 13476 | Lair:2   | Killed a four-headed hydra
 14272 | Lair:2   | Noticed Fannar
 14283 | Lair:2   | Killed Fannar
 14293 | Lair:2   | Noticed a death yak
 14303 | Lair:2   | Killed a death yak
 14304 | Lair:2   | Reached XP level 13. HP: 81/104 MP: 20/25
 15248 | Lair:3   | Found a staircase to the Swamp.
 16845 | D:11     | Bought a +4 ring of protection for 648 gold pieces
 17138 | Lair:4   | Reached ***** piety under Fedhas
 17436 | Lair:4   | Found a staircase to the Snake Pit.
 18322 | Lair:5   | Found a runed translucent door.
 18344 | Lair:5   | Got Eqax's Codex of Adjuration
 18684 | Lair:5   | Found a staircase to the Slime Pits.
 18733 | Lair:5   | Reached skill level 10 in Stealth
 18898 | Lair:5   | Found a sacrificial altar of Ru.
 19190 | Lair:6   | Entered Level 6 of the Lair of Beasts
 19561 | Lair:6   | Reached XP level 14. HP: 110/113 MP: 25/27
 19564 | Lair:6   | Reached skill level 10 in Invocations
 21499 | Lair:6   | Reached ****** piety under Fedhas
 23352 | Lair:6   | Identified a scroll of acquirement
 23447 | Lair:6   | Reached skill level 10 in Short Blades
 23447 | Lair:6   | Reached skill level 10 in Long Blades
 23447 | Lair:6   | Reached skill level 10 in Axes
 23447 | Lair:6   | Reached skill level 10 in Maces & Flails
 23447 | Lair:6   | Reached skill level 10 in Staves
 23447 | Lair:6   | Reached skill level 10 in Ranged Weapons
 23447 | Lair:6   | Reached skill level 10 in Throwing
 23447 | Lair:6   | Reached skill level 10 in Armour
 23447 | Lair:6   | Reached skill level 10 in Shields
 23447 | Lair:6   | Reached skill level 10 in Unarmed Combat
 23447 | Lair:6   | Reached skill level 10 in Spellcasting
 23447 | Lair:6   | Reached skill level 10 in Evocations
 23479 | Lair:6   | Acquired the amulet of Faf Juv {Reflect SH+5 SInv}
 23736 | D:12     | Noticed Azrael
 24122 | D:12     | Killed Azrael
 24135 | D:12     | Reached XP level 15. HP: 62/120 MP: 25/29
 24290 | D:12     | Noticed Lodul
 24300 | D:12     | Killed Lodul
 24514 | D:12     | Found a snail-covered altar of Cheibriados.
 25355 | D:11     | Learned a level 6 spell: Statue Form
 25445 | D:8      | Learned a level 5 spell: Manifold Assault
 25451 | D:8      | Learned a level 5 spell: Borgnjor's Vile Clutch
 25457 | D:8      | Learned a level 5 spell: Summon Forest
 25669 | D:12     | Found a staircase to the Orcish Mines.
 25781 | Orc:1    | Entered Level 1 of the Orcish Mines
 25942 | Orc:2    | Entered Level 2 of the Orcish Mines
 26084 | Orc:2    | Found a staircase to the Elven Halls.
 27540 | Orc:2    | Noticed an orc warlord
 27551 | Orc:2    | Killed an orc warlord
 27691 | Orc:2    | Found Ruex Ytt's Antique Armour Boutique.
 27693 | Orc:2    | Found Fesu Kirhoex's Antique Weapon Shop.
 27880 | Orc:2    | Found Pepir's General Store.
 27885 | Orc:2    | Bought a scroll of identify for 34 gold pieces
 27885 | Orc:2    | Bought 4 curare-tipped darts for 40 gold pieces
 27885 | Orc:2    | Bought 5 curare-tipped darts for 51 gold pieces
 27885 | Orc:2    | Bought a wand of paralysis (5) for 204 gold pieces
 27949 | Orc:2    | Noticed an orc warlord
 27964 | Orc:2    | Killed an orc warlord
 27966 | Orc:2    | Found Vyihib's Book Shop.
 28411 | D:7      | Killed kevlar127's ghost
 28543 | D:1      | Bought 7 stones for 7 gold pieces
 28543 | D:1      | Bought 6 poisoned darts for 24 gold pieces
 28634 | D:4      | Bought a scroll of summoning for 95 gold pieces
 28634 | D:4      | Bought a scroll of teleportation for 30 gold pieces
 28634 | D:4      | Bought a scroll of teleportation for 30 gold pieces
 28767 | D:10     | Bought a potion of curing for 57 gold pieces
 28767 | D:10     | Bought a wand of roots (3) for 136 gold pieces
 28767 | D:10     | Bought a scroll of teleportation for 57 gold pieces
 29318 | D:13     | Noticed Erolcha
 29325 | D:13     | Killed Erolcha
 29580 | D:13     | Found a portal to a secret trove of treasure.
 29738 | D:13     | Identified the +1 robe of the Eternal Fruit {+Blink rPois}
 29961 | D:13     | Found a gate to the Vaults.
 30192 | D:14     | Noticed Louise
 30202 | D:14     | Killed Louise
 30409 | D:14     | Found a stormy altar of Qazlal.
 30481 | D:14     | Reached XP level 16. HP: 129/129 MP: 30/30
 31172 | D:15     | Entered Level 15 of the Dungeon
 31617 | D:15     | Found a staircase to the Depths.
 31952 | D:15     | Found Mystreh's Book Shoppe.
 32195 | D:15     | Learned a level 6 spell: Iron Shot
 32200 | D:15     | Learned a level 4 spell: Hailstorm
 32205 | D:15     | Learned a level 4 spell: Summon Lightning Spire
 32208 | D:15     | Learned a level 2 spell: Blink
 32421 | Swamp:1  | Entered Level 1 of the Swamp
 32437 | Lair:3   | HP: 17/167 [bunyip[a spriggan druid] (30)]
 32442 | Lair:3   | Mangled by a bunyip

Illustrated notes

Levels and vault maps discovered:
D:1:      roderic_dead_forest, layout_loops_corners, serial_glass,
          glass_columns_a, glass_columns_a, serial_shops, nicolae_shop_trees,
          shapermc_ecumenical_altar_mp_urbaneastern, st_stairs_14,
          minmay_tromino_v7
D:2:      layout_loops_cross, basic_altar, uniq_crazy_yiuf_cottage, uniq_jessica
D:3:      layout_rooms, dreamdust_princess_bridge, st_stairs_11
D:4:      layout_basic, serial_curves, eino_curves_03, eino_curves_03,
          eino_curves_01, serial_shops, shop, kennysheep_generic_room_11
D:5:      layout_rooms, kennysheep_mini_moat, mainiacjoe_overflow_paths,
          grunt_ministairs_2, kennysheep_windowed_goal
D:6:      layout_loops_corners, gammafunk_temple_overflow_pools,
          cheibrodos_sewer_entry_sluice, serial_bayou_pond_d
D:7:      layout_rooms, minmay_temple_entry_sparse_star, gammafunk_ghost_grave
D:8:      layout_basic, riverfiend_overflow_shadow_ancestor, david_lair_generic
D:9:      layout_loops_cross, overflow_temple_1_default,
          kennysheep_generic_room_5
D:10:     layout_irregular_city, zin_statuary, serial_shops, shop,
          gammafunk_ghost_abyssal_escape, minmay_misc_feat_nine_boxes,
          serial_bayou_lagoon_a
D:11:     layout_roguey, serial_shops, shop, fungi_pond_lemuel
D:12:     layout_rooms, orc_0_dummy, cheibriados_altar_1, uniq_lodul,
          uniq_azrael
D:13:     layout_rooms, grunt_vaults_entry_tiered, enter_trove_2,
          roderic_cross_of_infinity, uniq_erolcha
D:14:     layout_big_octagon, nicolae_qazlal_style_of_elements, uniq_louise
D:15:     gammafunk_depths_entry_grave, layout_gridville, serial_shops,
          shop_statue
Lair:1:   layout_chaotic_city, nicolae_lair_grove_arrangements,
          grunt_forest_large_clearing_hut, grunt_megastairs_2, uniq_nergalle,
          uniq_gastronok
Lair:2:   layout_layer_cave, serial_bayou_crossing, lemuel_fruit_fields,
          uniq_fannar
Lair:3:   layout_cellular_growth, minmay_swamp_entry_worms,
          eino_small_chamber_without_monster
Lair:4:   layout_hall_layers, minmay_snake_entry_guardpost_medium
Lair:5:   layout_cave_pods, slime_entry_2, lemuel_oklob_altar
Lair:6:   hangedman_lair_caniforms_friends, layout_regular_city,
          hangedman_lair_tendril_chambers, infiniplex_staircase_pool
Swamp:1:  layout_falls_marsh, nicolae_swamp_dense_foliage, uniq_roxanne
Orc:1:    layout_caves, abandoned_shop
Orc:2:    grunt_orc_community_town_hall, layout_caves,
          grunt_orc_community_big_house_2, grunt_orc_community_big_house_2,
          grunt_orc_community_house_1, grunt_orc_community_house_3,
          grunt_orc_community_house_2, grunt_orc_community_house_3,
          grunt_orc_community_house_3

Skill      XL: |  1  2  3  4  5  6  7  8  9 10 11 12 13 14 15 16 |
---------------+-------------------------------------------------+-----
Invocations    | 1 2 3 4 5 6 7 8 9 10 11 12 | 12.2
Short Blades   | 1 2 3 5 6 7 8 9 10 11 | 11.2
Long Blades    | 1 2 3 5 6 7 8 9 10 11 | 11.2
Axes           | 1 2 3 5 6 7 8 9 10 11 | 11.2
Maces & Flails | 1 2 3 5 6 7 8 9 10 11 | 11.2
Staves         | 1 2 3 5 6 7 8 9 10 11 | 11.2
Ranged Weapons | 1 2 3 5 6 7 8 9 10 11 | 11.2
Throwing       | 1 2 3 5 6 7 8 9 10 11 | 11.2
Armour         | 1 2 3 5 6 7 8 9 10 11 | 11.2
Shields        | 1 2 3 5 6 7 8 9 10 11 | 11.2
Unarmed Combat | 1 2 3 5 6 7 8 9 10 11 | 11.2
Spellcasting   | 1 2 3 5 6 7 8 9 10 11 | 11.2
Evocations     | 1 2 3 5 6 7 8 9 10 11 | 11.2
Conjurations   | 1 2 3 4 5 6 7 8 9 |  9.4
Hexes          | 1 2 3 4 5 6 7 8 9 |  9.4
Summonings     | 1 2 3 4 5 6 7 8 9 |  9.4
Necromancy     | 1 2 3 4 5 6 7 8 9 |  9.4
Translocations | 1 2 3 4 5 6 7 8 9 |  9.4
Transmutations | 1 2 3 4 5 6 7 8 9 |  9.4
Fire Magic     | 1 2 3 4 5 6 7 8 9 |  9.4
Ice Magic      | 1 2 3 4 5 6 7 8 9 |  9.4
Air Magic      | 1 2 3 4 5 6 7 8 9 |  9.4
Earth Magic    | 1 2 3 4 5 6 7 8 9 |  9.4
Poison Magic   | 1 2 3 4 5 6 7 8 9 |  9.4
Fighting       | 7 8 9 10 11 12 | 12.9
Polearms       | 7 8 9 10 11 12 | 12.9
Dodging        | 7 8 9 10 11 12 | 12.9
Stealth        | 5 6 7 8 9 10 11 | 11.9

Action                   |  1- 3 |  4- 6 |  7- 9 | 10-12 | 13-15 | 16-18 || total
-------------------------+-------+-------+-------+-------+-------+-------++-------
Melee: Spear             |    70 |       |       |     1 |       |       ||    71
       Bite              |     7 |     4 |    20 |    52 |   165 |    13 ||   261
       Dagger            |    32 |    59 |    30 |       |       |       ||   121
       Punch             |     1 |     1 |       |       |       |       ||     2
       Mace              |       |    46 |   167 |   323 |   815 |       ||  1351
       Morningstar       |       |       |       |    57 |   157 |       ||   214
       Staff             |       |       |       |     2 |       |       ||     2
       Unarmed           |       |       |       |       |   429 |   114 ||   543
Throw: Stone             |    22 |    11 |    75 |    30 |    72 |    15 ||   225
       Boomerang         |       |    45 |    48 |    21 |    59 |    36 ||   209
       Dart              |       |     6 |    30 |    74 |   405 |    11 ||   526
 Cast: Manifold Assault  |       |       |       |       |    83 |    14 ||    97
       Statue Form       |       |       |       |       |    35 |    12 ||    47
       Blink             |       |       |       |       |       |     2 ||     2
Invok: Grow Ballistomyce |       |       |       |     6 |     2 |       ||     8
       Wall of Briars    |       |       |       |     1 |     1 |       ||     2
       Overgrow          |       |       |       |     1 |       |       ||     1
       Grow Oklob        |       |       |       |       |     1 |       ||     1
Evoke: Wand              |       |     1 |     6 |    22 |     2 |     3 ||    34
       Box of beasts     |       |       |       |     1 |     2 |       ||     3
       Phantom mirror    |       |       |       |       |     3 |       ||     3
  Use: Scroll            |       |    11 |     7 |     3 |    10 |     2 ||    33
       Potion            |       |       |     1 |     5 |     2 |       ||     8
 Stab: Sleeping          |     6 |     1 |       |       |     4 |       ||    11
       Distracted        |       |     1 |       |       |       |       ||     1
       Confused          |       |       |       |     5 |     2 |       ||     7
       Invisible         |       |       |       |     1 |       |       ||     1
Armor: Robe              |    18 |       |       |       |     9 |     1 ||    28
       Leather armour    |     6 |     8 |       |       |       |       ||    14
       Chain mail        |       |    56 |    56 |       |       |       ||   112
       Plate armour      |       |       |    44 |   238 |   514 |       ||   796
       Skin              |       |       |       |       |    74 |    27 ||   101
Dodge: Dodged            |    52 |    51 |    41 |   143 |   621 |    39 ||   947
Block: Buckler           |       |    14 |    37 |   107 |   499 |    36 ||   693
       Reflection        |       |       |       |       |    21 |     2 ||    23

Table legend: (Time is in decaauts)
 A = Elapsed time spent in this place.
 B = Non-inter-level travel time spent in this place.
 C = Inter-level travel time spent in this place.
 D = Time resting spent in this place.
 E = Time spent auto-exploring this place.
 F = Levels seen in this place.
 G = Mean time per level.
                   A        B        C        D        E       F      G
               +--------+--------+--------+--------+--------+-----+--------+
         Total |  34192 |  30899 |   3293 |   6884 |  17716 |  25 | 1367.7 |
       Dungeon |  18492 |  16239 |   2253 |   3166 |   9798 |  15 | 1232.8 |
          Lair |  11746 |  10802 |    944 |   3012 |   5691 |   6 | 1957.7 |
         Swamp |     14 |     14 |      0 |      0 |      0 |   1 |   14.0 |
  Orcish Mines |   3098 |   3002 |     96 |    702 |   1629 |   2 | 1549.0 |
         Sewer |    840 |    840 |      0 |      3 |    597 |   1 |  840.0 |
               +--------+--------+--------+--------+--------+-----+--------+

Top non-repeatable levels by time:
  Lair:6: 3284 daAuts
   Orc:2: 2433 daAuts
  Lair:5: 2379 daAuts
    D:11: 2010 daAuts
  Lair:2: 1718 daAuts
  Lair:3: 1684 daAuts
  Lair:1: 1619 daAuts
    D:12: 1595 daAuts
     D:9: 1439 daAuts
    D:10: 1406 daAuts
    D:13: 1384 daAuts
     D:8: 1366 daAuts
    D:15: 1317 daAuts
     D:1: 1257 daAuts
    D:14: 1169 daAuts
